AoeStats
← 军军

Migration

510055816Analyzed
1v1 RM · 4d ago on Sep 29, 2026· 41m 31s· 2 players
Game mode
Random Map
Map size
132×132
Population
200
Speed
Normal
Resources
Standard
Victory
Conquest
Starting age
Dark Age
Ending age
Imperial Age
RankedLock teamsTeams togetherTeam positionsShared explorationLock speedFull tech treeHidden civsTurbo modeCheats
Victory
Defeat
🇨🇿 Celts · Czechia
820
+16
🇨🇳 Spanish · China
826
-16
Carnifex
5:39 Loom
11:43 Feudal Age
12:41 Double-Bit Axe
13:36 Man-at-Arms
18:48 Forging
18:39 Scale Mail Armor
19:28 Wheelbarrow
20:05 Fishing Lines
26:01 Castle Age
24:33 Arson
24:45 Fletching
27:24 Bow Saw
27:06 Gold Mining
27:01 Long Swordsman
27:31 Gambesons
32:25 Imperial Age
30:13 Medium Warships
31:04 Stronghold
31:37 Gillnets
32:18 Hand Cart
35:58 Iron Casting
35:38 Chain Mail Armor
35:20 Bodkin Arrow
35:47 Onager
37:01 Conscription
37:03 Two-Handed Swordsman
38:47 Town Watch
39:13 Padded Archer Armor
军军
5:09 Loom
10:34 Feudal Age
11:04 Double-Bit Axe
11:41 Horse Collar
13:42 Wheelbarrow
13:58 Fishing Lines
22:21 Castle Age
24:23 Town Watch
25:50 Padded Archer Armor
25:40 Fletching
26:53 Bow Saw
27:19 Medium Warships
27:31 Leather Archer Armor
27:11 Bodkin Arrow
27:49 Heavy Plow
29:30 Demolition Ship
33:01 Gillnets
Connection lost

Rejoining the realm…

Still unreachable

The connection could not be restored.

Session expired

The server has moved on; the page needs a fresh start.